 Dungeon Crawl Stone Soup version 0.31-a0-232-gb1c03b2570 (webtiles) character file.

Game seed: 14563807323332429509

270 qw the Shooter (level 6, -14/51 HPs)
             Began as a Minotaur Hexslinger on July 7, 2023.
             Demolished by a gnoll
             ... wielding a +2 heavy halberd
              (23 damage)
             ... on level 3 of the Dungeon.
             The game lasted 00:01:14 (2774 turns).

qw the Shooter (Minotaur Hexslinger)                Turns: 2774, Time: 00:01:14

Health: -14/51     AC:  5    Str: 12    XL:     6   Next: 1%
Magic:  6/6        EV: 11    Int: 10    God:
Gold:   49         SH:  0    Dex: 15    Spells: 6/7 levels left

rFire   . . .        Y - +1 sling
rCold   . . .        (no shield)
rNeg    . . .        g - +0 ring mail
rPois   .            (helmet restricted)
rElec   .            (no cloak)
rCorr   .            (no gloves)
SInv    .            (no boots)
Will    .....        (no amulet)
Stlth   +            (no ring)
HPRegen 0.28/turn    (no ring)
MPRegen 0.10/turn

%: no passive effects
@: no status effects
A: horns 2, retaliatory headbutt
a: no special abilities


You were on level 3 of the Dungeon.
You visited 1 branch of the dungeon, and saw 3 of its levels.

You collected 152 gold pieces.
You spent 103 gold pieces at shops.


Innate Abilities, Weirdness & Mutations

You have a pair of horns on your head.
You reflexively headbutt those who attack you in melee.


   Skills:
 + Level 3.6 Fighting
 - Level 6.0 Ranged Weapons
 - Level 1.1 Armour
 - Level 2.1 Dodging
 - Level 1.0 Spellcasting
 - Level 2.0 Hexes


You had 6 spell levels left.
You knew the following spells:

 Your Spells              Type           Power      Damage    Failure   Level
a - Slow                  Hex            16%        N/A       34%         1

Your spell library contained the following spells:

 Spells                   Type           Power      Damage    Failure   Level
 Inner Flame              Hex/Fire       2%         N/A       83%         3
 Portal Projectile        Hex/Tloc       4%         N/A       83%         3
 Cause Fear               Hex            2%         N/A       98%         4

Inventory:

Hand Weapons
 Y - a +1 sling (weapon)
Armour
 g - a +0 ring mail (worn)
Jewellery
 a - a ring of poison resistance
 f - an amulet of faith
Scrolls
 c - 2 scrolls of identify
 e - a scroll of enchant armour
Potions
 b - a potion of lignification {unknown}
 d - 2 potions of mutation {unknown}

Dungeon Overview and Level Annotations

Branches:
Dungeon (3/15)

Altars:
Hepliaklqana

Shops:
D:2 *   D:3 [


Message History

An orc comes into view. It is wielding a +0 falchion.
The gnoll closely misses you.
You shoot a sling bullet.
The sling bullet closely misses the gnoll.
The gnoll hits you with a +0 whip. The gnoll closely misses you.
You shoot a sling bullet.
The sling bullet barely misses the gnoll.
The sling bullet closely misses the gnoll.
The sling bullet hits the orc!
You kill the orc!
The gnoll hits you from afar with a +0 spear.
You shoot a sling bullet. The sling bullet hits the gnoll.
The gnoll is moderately wounded.
The gnoll hits you from afar with a +0 spear.
The gnoll closely misses you. The gnoll barely misses you.
You shoot a sling bullet.
The sling bullet hits the gnoll but does no damage.
The gnoll is moderately wounded.
The gnoll closely misses you.
The orc wizard hits you with a +0 dagger.
The gnoll barely misses you.
The gnoll hits you from afar with a +2 heavy halberd.
The gnoll misses you.
The orc wizard hits you with a +0 dagger.
The gnoll hits you with a +0 whip.
You shoot a sling bullet. The sling bullet hits the gnoll.
The gnoll is severely wounded.
The gnoll completely misses you.
The gnoll hits you from afar with a +2 heavy halberd!
The gnoll hits you with a +0 whip.
The orc wizard hits you but does no damage.
The gnoll sergeant hits you but does no damage.
You shoot a sling bullet.
The sling bullet barely misses the gnoll.
The gnoll hits you but does no damage.
The orc wizard points at you and mumbles some strange words.
The puff of flame hits you! The gnoll barely misses you.
The gnoll sergeant hits you but does no damage.
The gnoll hits you from afar with a +2 heavy halberd!!
You die...

########## # ######++#####
............ .........o.
....)og.g ..ogg. ##go##
#..g@####### +....'.....+ #
#....####### #+#
#############''''#############...
#...[........................#.o.
#~~~~~~~~~~~~....~~~~~~~~~~~~####
~~~~~~~~~~~~~....~~~~~~~~~~~~~~~~
~~~~~~~~~~~~~....~~~~~~~~~~~~~~~~
.................................


You could see a gnoll sergeant, an orc wizard, 4 gnolls and 2 orcs.

Vanquished Creatures
  A howler monkey (D:3)
  2 hounds (D:3)
  An adder (D:2)
  7 gnolls (D:3)
  A worm (D:3)
  2 dart slugs
  3 orcs
  3 ball pythons
  7 endoplasms
  3 giant cockroaches (D:2)
  12 goblins
  9 hobgoblins
  12 jackals
  9 kobolds
  2 quokkas (D:1)
  4 frilled lizards
  4 rats
82 creatures vanquished.

Notes
Turn   | Place    | Note
-------+----------+-------------------------------------------
     0 | D:1      | qw the Minotaur Hexslinger began the quest for the Orb.
     0 | D:1      | Reached XP level 1. HP: 16/16 MP: 1/1
     0 | D:1      | 0 ||| qw: Version: 0.3-a-46-gb1f654a
     0 | D:1      | 0 ||| qw: Game counter: 2931
     0 | D:1      | 0 ||| qw: Melee chars always use a shield: true
     0 | D:1      | 0 ||| qw: God list: Okawaru
     0 | D:1      | 0 ||| qw: Allow faded altars: false
     0 | D:1      | 0 ||| qw: Do Orc after clearing Dungeon:15 true
     0 | D:1      | 0 ||| qw: Do second Lair branch before Depths: true
     0 | D:1      | 0 ||| qw: Lair rune preference: random
     0 | D:1      | 0 ||| qw: Goals: Normal
     0 | D:1      | 0 ||| PLANNING D:1-11
   164 | D:1      | Reached skill level 3 in Ranged Weapons
   164 | D:1      | Reached XP level 2. HP: 23/23 MP: 2/2
   309 | D:1      | Found Fesokk's Book Shop.
   784 | D:1      | Reached XP level 3. HP: 29/29 MP: 3/3
   900 | D:1      | 900 ||| UPGRADING to +0 ring mail.
   910 | D:1      | 910 ||| DROPPING +0 robe.
   911 | D:1      | 911 ||| READING scroll labelled CAUNTI ZUMI.
   914 | D:1      | 914 ||| READING 2 scrolls labelled ETZUSCH JACESTO.
   915 | D:1      | 915 ||| READING scroll labelled PUIPTE UXZEAD.
   916 | D:1      | 916 ||| READING scroll labelled COTOWIDO WISH.
   917 | D:1      | 917 ||| DROPPING scroll of poison.
   918 | D:1      | 918 ||| DROPPING scroll of noise.
  1019 | D:2      | Reached skill level 4 in Ranged Weapons
  1029 | D:2      | Reached skill level 1 in Armour
  1334 | D:2      | Found a hazy altar of Hepliaklqana.
  1342 | D:2      | Found Pyedghue's Assorted Antiques.
  1350 | D:2      | 1350 ||| BUYING 2 grey potions (50 gold).
  1350 | D:2      | Bought 2 grey potions for 50 gold pieces
  1350 | D:2      | 1350 ||| BUYING clear potion (25 gold).
  1350 | D:2      | Bought a clear potion for 25 gold pieces
  1350 | D:2      | 1350 ||| BUYING scroll labelled RYQEAN KOHOL (28 gold).
  1350 | D:2      | Bought a scroll labelled RYQEAN KOHOL for 28 gold pieces
  1350 | D:2      | 1350 ||| SHOPLISTING scroll of identify (56 gold, have 6).
  1350 | D:2      | 1350 ||| SHOPLISTING twitching glass ring (140 gold, have
                  | 6).
  1474 | D:2      | Reached XP level 4. HP: 36/36 MP: 4/4
  1628 | D:2      | 1628 ||| READING scroll labelled WEBBUK GAONAS.
  1629 | D:2      | 1629 ||| READING scroll labelled IBONEC QISO.
  1630 | D:2      | 1630 ||| READING scroll labelled RYQEAN KOHOL.
  1631 | D:2      | 1631 ||| READING scroll labelled XUECVI PUIGIFF.
  1632 | D:2      | 1632 ||| DRINKING 2 grey potions.
  1737 | D:2      | 1737 ||| DRINKING 4 clear potions.
  1738 | D:2      | 1738 ||| DROPPING potion of berserk rage.
  1757 | D:3      | 1757 ||| STAIRDANCE
  1829 | D:3      | HP: 8/36 [gnoll/+0 club (5)]
  1830 | D:3      | 1830 ||| DRINKING 3 potions of heal wounds.
  1833 | D:3      | Reached skill level 5 in Ranged Weapons
  1851 | D:3      | 1851 ||| FLEEEEING.
  1942 | D:3      | Reached XP level 5. HP: 25/44 MP: 5/5
  1942 | D:3      | 1942 ||| FLEEEEING.
  1943 | D:3      | 1943 ||| FLEEEEING.
  1944 | D:3      | 1944 ||| FLEEEEING.
  2035 | D:3      | Reached skill level 3 in Fighting
  2280 | D:3      | HP: 11/45 [gnoll/+0 spear (4)]
  2281 | D:3      | 2281 ||| DRINKING 2 potions of heal wounds.
  2285 | D:3      | 2285 ||| DRINKING potion of heal wounds.
  2289 | D:3      | HP: 10/45 [gnoll/+0 spear (9)]
  2293 | D:3      | Reached skill level 6 in Ranged Weapons
  2586 | D:3      | Reached XP level 6. HP: 26/51 MP: 6/6
  2736 | D:3      | Found Onupp's Armour Shoppe.
  2742 | D:3      | 2742 ||| SHOPLISTING +2 robe of willpower (230 gold, have
                  | 49).
  2767 | D:3      | 2767 ||| Stepping ~*~*~tactically~*~*~ (outnumbered).
  2774 | D:3      | HP: 9/51 [orc wizard/puff of flame (11)]
  2774 | D:3      | Demolished by a gnoll

Levels and vault maps discovered:
D:1:      dpeg_arrival_morbid_curiosity, layout_loops_ring, serial_shops, shop
D:2:      layout_basic, serial_shops, shop, basic_altar
D:3:      lemuel_castle_with_subvaults [lemuel_castle_interior_original],
          layout_basic, grunt_gozag_statues, serial_glass, glass_columns_a,
          glass_columns_a, glass_columns_c, glass_columns_b, glass_columns_a,
          glass_columns_b, serial_shops, nicolae_shop_rolling_square

Skill      XL: |  1  2  3  4  5 |
---------------+----------------+-----
Ranged Weapons | 3 4 5 6 |  6.0
Fighting       | 2 3 |  3.6
Armour         | 1 |  1.1
Dodging        | |  2.1
Spellcasting   | |  1.0
Hexes          | |  2.0

Action                     |  1- 3 |  4- 6 || total
---------------------------+-------+-------++-------
   Fire: Sling             |   143 |   155 ||   298
    Use: Scroll            |     4 |     4 ||     8
         Potion            |       |     5 ||     5
 Armour: Robe              |     5 |       ||     5
         Ring mail         |    11 |    31 ||    42
  Dodge: Dodged            |    35 |    98 ||   133

Table legend:
 A = Non-vault XP
 B = Vault XP
 C = Vault XP percentage of total XP
 D = Non-vault monster count
 E = Vault monster count
 F = Vault count percentage of total count
                 A         B        C        D         E       F
            +---------+---------+-------+---------+---------+-------
      Total |     214 |     172 |  44.6 |      65 |      17 |  20.7
            +---------+---------+-------+---------+---------+-------
        D:1 |      36 |      10 |  21.7 |      20 |       5 |  20.0
        D:2 |      55 |       3 |   5.2 |      25 |       1 |   3.8
        D:3 |     123 |     159 |  56.4 |      20 |      11 |  35.5
            +---------+---------+-------+---------+---------+-------
